 Dungeon Crawl Stone Soup version 0.31.0-11-ge490571c62 (webtiles) character file.

Game seed: 16783029719056425152

332 mdonais the Trooper (level 6, -1/45 HPs)
             Began as an Octopode Reaver on Jan 31, 2024.
             Was a Believer of Uskayaw.
             Slain by an endoplasm (2 damage)
             ... on level 4 of the Dungeon.
             The game lasted 00:14:48 (3146 turns).

mdonais the Trooper (Octopode Reaver)               Turns: 3146, Time: 00:14:48

Health: -1/45      AC:  1    Str: 12    XL:     6   Next: 52%
Magic:  17/18      EV: 13    Int: 15    God:    Uskayaw [**....]
Gold:   109        SH:  0    Dex: 12    Spells: 3/9 levels left

rFire   . . .        i - +2 dagger (holy)
rCold   . . .        (no shield)
rNeg    . . .        (helmet restricted)
rPois   .            (no amulet)
rElec   .            m - ring of magical power
rCorr   .            (no ring)
SInv    .            (no ring)
Will    .....        (no ring)
Stlth   +++          (no ring)
HPRegen 0.27/turn    (no ring)
MPRegen 0.16/turn    (no ring)
                     (no ring)

%: no passive effects
@: brilliant, invisible
A: almost no armour, amphibious, 8 rings, camouflage 1, gelatinous body 1,
(nimble swimmer 1), tentacles
a: Renounce Religion, Stomp, Line Pass


You were on level 4 of the Dungeon.
You worshipped Uskayaw.
Uskayaw was noncommittal.
You visited 1 branch of the dungeon, and saw 4 of its levels.

You collected 109 gold pieces.

Inventory:

Hand Weapons
 i - a +2 dagger of holy wrath (weapon)
   (You took it off a kobold on level 1 of the Dungeon)
 u - a +0 whip of flaming
   (You took it off a gnoll on level 4 of the Dungeon)
Missiles
 t - 6 boomerangs (quivered)
 F - a curare-tipped dart
Jewellery
 m - a ring of magical power (left tentacle)
   (You found it on level 2 of the Dungeon)
Talismans
 b - a beast talisman
   (You found it on level 1 of the Dungeon)
Scrolls
 a - a scroll of enchant armour {unknown}
 c - 3 scrolls of poison {unknown}
 e - a scroll of vulnerability {unknown}
 h - a scroll of acquirement {unknown}
 j - a scroll of fog {unknown}
 k - 2 scrolls of revelation {unknown}
 s - a scroll of teleportation {unknown}
 v - a scroll of amnesia {unknown}
Potions
 f - a potion of ambrosia {unknown}
 g - a potion of might {unknown}
 l - a potion of berserk rage {unknown}
 n - a potion of invisibility
 o - a potion of attraction {unknown}
 p - a potion of heal wounds {unknown}
 q - a potion of lignification {unknown}
 r - a potion of enlightenment {unknown}


   Skills:
 + Level 5.0 Fighting
 - Level 3.0 Short Blades
 - Level 2.0 Throwing
 - Level 2.0 Dodging
 - Level 3.0 Stealth
 - Level 2.0 Spellcasting
 - Level 3.0 Conjurations
 + Level 3.0 Invocations


You had 3 spell levels left.
You knew the following spells:

 Your Spells              Type           Power      Damage    Failure   Level
a - Kiss of Death         Conj/Necr      36%        2d8       12%         1
b - Momentum Strike       Conj/Tloc      18%        3d8       19%         2
c - Confusing Touch       Hex            2%         N/A       54%         3

Your spell library contained the following spells:

 Spells                   Type           Power      Damage    Failure   Level
 Shock                    Conj/Air       36%        1d5       12%         1
 Slow                     Hex            8%         N/A       22%         1
 Lesser Beckoning         Tloc           4%         N/A       32%         2
 Hailstorm                Conj/Ice       9%         3d6       34%         3
 Gell's Gravitas          Tloc           2%         N/A       54%         3
 Sigil of Binding         Hex            2%         N/A       54%         3
 Swiftness                Air            2%         N/A       54%         3
 Teleport Other           Tloc           2%         N/A       54%         3
 Vampiric Draining        Necr           2%         2d6       54%         3
 Airstrike                Air            1%         2d(1-17)  91%         4


Dungeon Overview and Level Annotations

Branches:
Dungeon (4/15) Zot: 20873
 Temple: D:4-7

Altars:
Gozag
Uskayaw


Innate Abilities, Weirdness & Mutations

You cannot wear most types of armour.
You are amphibious.
You can wear up to eight rings at the same time.
Your skin changes colour to match your surroundings (Stealth+).
Your rubbery body absorbs attacks. (AC +1, EV +1)
((You are camouflaged when in or above water. (Stealth+)))
You have tentacles for arms and can constrict up to eight enemies at once.


Message History

Things that are here:
a +0 hand axe; a +0 leather armour
Found a book of Displacement.
An ogre comes into view. It is wielding a +0 giant spiked club.
The ogre shouts!
Throw: 3 darts (curare)
Press: ? - help, Q - select action, (/) - cycle Shift-Dir - straight line, f - ogre
Aim: an ogre, wielding a +0 giant spiked club (73% to hit)
You throw a curare-tipped dart. The curare-tipped dart hits the ogre.
The ogre is poisoned.
The ogre struggles to breathe.
The ogre seems to slow down.
The ogre is moderately wounded.
Throw: 6 boomerangs
Press: ? - help, Q - select action, (/) - cycle Shift-Dir - straight line, f/p - ogre
Aim: an ogre, wielding a +0 giant spiked club (moderately wounded, very poisoned, slow, 73% to hit)
You throw a boomerang. The boomerang barely misses the ogre.
Throw: 6 boomerangs
Press: ? - help, Q - select action, (/) - cycle Shift-Dir - straight line, f/p - ogre
Aim: an ogre, wielding a +0 giant spiked club (moderately wounded, very poisoned, slow, 73% to hit)
You throw a boomerang.
The boomerang hits the ogre but does no damage.
The ogre is moderately wounded.
Throw: 6 boomerangs
Press: ? - help, Q - select action, (/) - cycle Shift-Dir - straight line, f/p - ogre
Aim: an ogre, wielding a +0 giant spiked club (moderately wounded, very poisoned, slow, 73% to hit)
You throw a boomerang. The boomerang hits the ogre.
The ogre is heavily wounded.
Throw: 6 boomerangs
Press: ? - help, Q - select action, (/) - cycle Shift-Dir - straight line, f/p - ogre
Aim: an ogre, wielding a +0 giant spiked club (severely wounded, very poisoned, slow, 73% to hit)
You throw a boomerang. The boomerang hits the ogre.
The ogre is almost dead.
You can now pass through a line of other dancers.
Throw: 6 boomerangs
Press: ? - help, Q - select action, (/) - cycle Shift-Dir - straight line, f/p - ogre
Aim: an ogre, wielding a +0 giant spiked club (almost dead, very poisoned, slow, 73% to hit)
You throw a boomerang. The boomerang barely misses the ogre.
You hit the ogre.
You kill the ogre!
Your Invocations skill increases to level 2! 2 orcs come into view.
Things that are here:
a +0 giant spiked club; a book of Displacement The orc shouts!
An orc comes into view. It is wielding a +0 dagger of venom.
The orc shouts!
You hit the orc. You grab the orc.
The orc is moderately wounded.
You constrict the orc.
You hear an angry hiss.
The orc closely misses you.
You completely miss the orc. You squeeze the orc.
You kill the orc!
Training target 3.0 for Invocations reached!
Your Invocations skill increases to level 3!
You need to enable at least one skill for training.
The orc hits you with a +0 dagger of venom.
You are poisoned.
You see here a +0 short sword.
You take 4 damage, and have 41/45 hp.
You closely miss the orc. Your grab misses the orc.
You feel very sick.
The orc hits you with a +0 dagger of venom.
You are more poisoned.
You take 6 damage, and have 35/45 hp.
You hit the orc. Your grab misses the orc.
The orc is severely wounded.
You feel very sick.
The orc hits you with a +0 dagger of venom.
You are more poisoned.
You take 6 damage, and have 29/45 hp.
You barely miss the orc. Your grab misses the orc. You squeeze the orc.
You kill the orc!
You feel very sick.
You take 3 damage, and have 26/45 hp.
You closely miss the orc. Your grab misses the orc.
Your squeeze misses the orc.
You feel very sick. The orc hits you with a +0 short sword.
You take 5 damage, and have 21/45 hp.
You are too injured to fight recklessly!
You hit the orc. Your grab misses the orc. Your squeeze misses the orc.
The orc is heavily wounded.
You feel very sick.
You take 3 damage, and have 18/45 hp.
You hit the orc. You grab the orc.
The orc is severely wounded.
You constrict the orc.
You feel very sick.
An orc comes into view. It is wielding a +0 short sword.
The orc hits you with a +0 short sword.
You take 4 damage, and have 14/45 hp.
Casting: Momentum Strike (safe; 19% risk of failure)
Confirm with . or Enter, or press ? or * to list all spells.
Aiming: Momentum Strike (safe; 19% risk of failure)
Press: ? - help, Dir - move target, f - orc
Aim: an orc, wielding a +0 short sword and wearing a +0 leather armour (almost dead, constricted by you, 100% to hit)
The concentrated momentum hits the orc.
You kill the orc!
You are unable to move.
The orc shouts!
You feel sick.
You take 1 damage, and have 13/45 hp.
You now have 16/18 mp.
You cannot move.
You cannot move.
Throw: 2 darts (curare)
Press: ? - help, Q - select action, (/) - cycle Shift-Dir - straight line, f - orc
Aim: an orc, wielding a +0 short sword (57% to hit)
You throw a curare-tipped dart. The curare-tipped dart hits the orc.
The orc is poisoned.
The orc struggles to breathe.
The orc seems to slow down.
The orc is heavily wounded.
You feel sick.
You kill the orc!
You take 2 damage, and have 11/45 hp.
You start resting.
You feel sick. x2
An endoplasm comes into view.
You take 3 damage, and have 8/45 hp.
You feel sick.
Throw: 6 boomerangs
Press: ? - help, Q - select action, (/) - cycle Shift-Dir - straight line, f - endoplasm
Aim: an endoplasm (85% to hit)
You throw a boomerang. The boomerang hits the endoplasm.
The endoplasm is lightly wounded.
You feel sick.
A ribbon worm comes into view.
You take 1 damage, and have 7/45 hp.
Throw: 6 boomerangs
Press: ? - help, Q - select action, (/) - cycle Shift-Dir - straight line, f/p - endoplasm
Aim: an endoplasm (lightly wounded, 85% to hit)
You throw a boomerang. The boomerang hits the endoplasm.
The endoplasm is almost dead.
You feel sick. The endoplasm freezes you.
You are frozen.
* * * LOW HITPOINT WARNING * * *
You take 3 damage, and have 4/45 hp.
It was a potion of invisibility.
You fade into invisibility!
You are no longer robbed of momentum.
You feel sick.
You are no longer poisoned.
The endoplasm hits you but does no damage.
It was a potion of brilliance.
You feel clever all of a sudden. The endoplasm freezes you.
* * * LOW HITPOINT WARNING * * *
You take 3 damage, and have 1/45 hp.
The endoplasm attacks as it pursues you!
The endoplasm hits you.
You die...

#.# #.#
#(# #.#
#.# #.##
#####).###
#........#
#.####@#.#
#.# #J# #
#.# #)#
#.# #w#
#.## #)#
#..# #..
##.# ###
#.# #.#


You could see a ribbon worm (unable to see you) and an endoplasm.

Vanquished Creatures
  An ogre (D:4)
  A gnoll bouda (D:4)
  An orc priest (D:3)
  5 gnolls
  4 adders
  2 dart slugs
  9 orcs
  8 bats
  3 endoplasms
  5 giant cockroaches
  9 goblins
  10 hobgoblins
  11 jackals
  4 kobolds
  2 quokkas
  6 ball pythons
  3 frilled lizards
  5 rats
  A spectral hobgoblin (D:1)
90 creatures vanquished.

Notes
Turn   | Place    | Note
-------+----------+-------------------------------------------
     0 | D:1      | mdonais the Octopode Reaver began the quest for the Orb.
     0 | D:1      | Reached XP level 1. HP: 14/14 MP: 3/3
    80 | D:1      | Reached skill level 1 in Stealth
    94 | D:1      | Reached XP level 2. HP: 19/19 MP: 5/5
   386 | D:1      | Found a faded altar of an unknown god.
   417 | D:1      | Prayed at the altar of an unknown god.
   417 | D:1      | Became a worshipper of Uskayaw the Reveller
   417 | D:1      | Reached * piety under Uskayaw
   430 | D:1      | Reached ** piety under Uskayaw
   431 | D:1      | Reached XP level 3. HP: 25/25 MP: 6/6
   521 | D:1      | Reached skill level 3 in Fighting
  1033 | D:2      | Reached XP level 4. HP: 24/31 MP: 7/7
  1161 | D:2      | Learned a level 2 spell: Momentum Strike
  1165 | D:2      | Learned a level 3 spell: Confusing Touch
  1488 | D:2      | Found an opulent altar of Gozag.
  1787 | D:3      | Reached skill level 4 in Fighting
  1879 | D:3      | Reached skill level 1 in Throwing
  2032 | D:3      | Found the +18 Lear's hauberk
  2135 | D:3      | Reached XP level 5. HP: 37/37 MP: 8/8
  3007 | D:3      | Reached skill level 5 in Fighting
  3007 | D:3      | Reached skill level 1 in Invocations
  3007 | D:3      | Reached XP level 6. HP: 29/45 MP: 9/9
  3145 | D:4      | HP: 1/45 [frozen (3)]
  3146 | D:4      | Slain by an endoplasm

Illustrated notes

Levels and vault maps discovered:
D:1:      tarquinn_simple_flora_water_c, layout_basic,
          dreamdust_ecumenical_altar_drowned_temple, serial_forest,
          infiniplex_forest_clump_small, infiniplex_forest_clump_double,
          infiniplex_forest_lined_corner, infiniplex_forest_straight_1,
          infiniplex_forest_clump_double, infiniplex_forest_diagonal,
          infiniplex_forest_clump_diagonal, infiniplex_forest_lined_room_2,
          chequers_garden
D:2:      minmay_wonky_spiral, layout_loops_ring, basic_altar
D:3:      layout_loops_ring, kennysheep_generic_room_6
D:4:      layout_loops_ring, kennysheep_little_box, serial_shops, shop,
          uniq_sigmund, uniq_blork_the_orc, uniq_ijyb

Skill      XL: |  1  2  3  4  5  6 |
---------------+-------------------+-----
Stealth        | 2 3 |  3.0
Fighting       | 3 4 5 |  5.0
Throwing       | 1 2 |  2.0
Invocations    | 1 3 |  3.0
Short Blades   | |  3.0
Dodging        | |  2.0
Spellcasting   | |  2.0
Conjurations   | |  3.0

Action                     |  1- 3 |  4- 6 || total
---------------------------+-------+-------++-------
  Melee: Short sword       |    57 |       ||    57
         Tentacles         |    21 |    23 ||    44
         Constrict         |    18 |    21 ||    39
         Punch             |     1 |     1 ||     2
         Dagger            |    15 |    96 ||   111
  Throw: Dart              |       |     5 ||     5
         Boomerang         |       |    10 ||    10
   Cast: Momentum Strike   |       |     9 ||     9
    Use: Potion            |       |     2 ||     2
   Stab: Sleeping          |     4 |    12 ||    16
         Distracted        |     2 |       ||     2
 Armour: Skin              |    18 |    42 ||    60
  Dodge: Dodged            |    33 |    45 ||    78
